 Dungeon Crawl Stone Soup version 0.25-a0-589-g1e14c549ee (webtiles) character file.

Game seed: 3928269767744747835, levelgen mode: deterministic

340144 DerDa the Slayer (level 21, -1/204 HPs)
             Began as a Minotaur Monk on Mar 9, 2020.
             Was the Champion of Okawaru.
             Hit by a large rock thrown by a stone giant (32 damage)
             ... on level 4 of the Vaults.
             The game lasted 02:51:06 (54314 turns).

DerDa the Slayer (Minotaur Monk)                   Turns: 54314, Time: 02:51:17

Health: -1/204     AC: 21    Str: 25    XL:     21   Next: 6%
Magic:  25/29      EV: 22    Int:  7    God:    Okawaru [******]
Gold:   393        SH:  9    Dex: 18    Spells: 20/20 levels left

rFire    + . .     SeeInvis +   a - +9 double sword (holy)
rCold    + + .     Gourm    .   x - +0 buckler {rN+}
rNeg     + + +     Faith    .   Z - +0 chain mail of Oseplem {rPois rC+ Regen+ rCorr}
rPois    +         Spirit   .   M - +0 hat {MR+}
rElec    +         Reflect  +   N - scarf {cloud immunity}
rCorr    +         Harm     .   A - +1 pair of gloves {Dex+3}
MR       +++..                  W - +1 pair of boots "Kothrom" {rElec Dex-3 SInv}
Stlth    ..........             Q - amulet of Xedinephulo {Reflect rElec rPois rF+ SH+2}
HPRegen  0.84/turn              f - ring "Xedwug" {rElec rPois MR+ AC+2 Dex+4}
MPRegen  0.21/turn              j - ring "Biphirch" {rC+ rN++}

@: finesse, marked, studying Crossbows
A: retaliatory headbutt, horns 2
}: 2/15 runes: decaying, serpentine
a: Heroism, Finesse, Renounce Religion


You were on level 4 of the Vaults.
You worshipped Okawaru.
Okawaru was exalted by your worship.
You were not hungry.

You visited 7 branches of the dungeon, and saw 36 of its levels.
You visited 1 bazaar.
You also visited: Gauntlet, Ice Cave and Volcano.

You collected 5725 gold pieces.
You spent 5332 gold pieces at shops.

Inventory:

Hand Weapons
 a - a +9 double sword of holy wrath (weapon)
 b - a +2 hand crossbow of flaming
Missiles
 k - 1469 bolts
Armour
 x - a +0 buckler of positive energy (worn)
 z - the +2 scale mail of the Maze {rC++ rCorr Str+2}
   (You found it on level 10 of the Dungeon)

   It affects your strength (+2).
   It greatly protects you from cold.
   It provides partial protection from all sources of acid and corrosion.
 A - a +1 pair of gloves of dexterity (worn)
 E - a +0 pair of boots of running
 M - a +0 hat of magic resistance (worn)
 N - a scarf of cloud immunity (worn)
 U - a +0 pair of boots of flying
 W - the +1 pair of boots "Kothrom" (worn) {rElec Dex-3 SInv}
   (You found it in a Gauntlet)

   It affects your dexterity (-3).
   It insulates you from electricity.
   It lets you see invisible.
 Z - the +0 chain mail of Oseplem (worn) {rPois rC+ Regen+ rCorr}
   (Okawaru gifted it to you on level 3 of the Vaults)

   It protects you from cold.
   It protects you from poison.
   It increases your rate of regeneration.
   It provides partial protection from all sources of acid and corrosion.
Jewellery
 f - the ring "Xedwug" (left hand) {rElec rPois MR+ AC+2 Dex+4}
   (You bought it in a shop on level 11 of the Dungeon)

   [ring of protection]

   It affects your AC (+2).
   It affects your dexterity (+4).
   It insulates you from electricity.
   It protects you from poison.
   It affects your resistance to hostile enchantments.
 j - the ring "Biphirch" (right hand) {rC+ rN++}
   (You bought it in a shop on level 11 of the Dungeon)

   [ring of protection from cold]

   It protects you from cold.
   It greatly protects you from negative energy.
 s - an uncursed ring of magical power
 u - an uncursed ring of see invisible
 D - an uncursed ring of protection from fire
 Q - the amulet of Xedinephulo (around neck) {Reflect rElec rPois rF+ SH+2}
   (You acquired it on level 1 of the Snake Pit)

   [amulet of reflection]

   It shields you and reflects attacks.
   It protects you from fire.
   It insulates you from electricity.
   It protects you from poison.
   It affects your SH (+2).
Wands
 t - a wand of enslavement (6)
 y - a wand of clouds (4)
 G - a wand of paralysis (20)
 I - a wand of digging (12)
 K - a wand of acid (5)
 X - a wand of disintegration (49)
 Y - a wand of scattershot (5)
Scrolls
 d - 2 scrolls of summoning
 e - 8 scrolls of magic mapping
 l - 27 scrolls of remove curse
 o - 9 scrolls of teleportation
 p - 4 scrolls of blinking
 v - a scroll of immolation
 F - a scroll of holy word
 J - 5 scrolls of fear
 L - 4 scrolls of identify
 O - 4 scrolls of silence
 P - 3 scrolls of fog
 R - a scroll of enchant armour
Potions
 g - 2 potions of resistance
 m - 6 potions of haste
 q - 2 potions of berserk rage
 r - 3 potions of ambrosia
 w - 3 potions of curing
 B - 6 potions of might
 C - a potion of invisibility
 H - 6 potions of heal wounds
 T - 6 potions of mutation
Books
 n - a manual of Crossbows
Miscellaneous
 i - a box of beasts
 S - a fan of gales
 V - a phial of floods
Comestibles
 c - 42 rations
 h - 9 chunks of flesh


   Skills:
 * Level 21.0 Fighting
 + Level 15.8 Long Blades
 + Level 10.8 Crossbows
 + Level 15.4 Armour
 * Level 19.7 Dodging
 - Level 1.5 Stealth
 - Level 11.8 Shields
 - Level 13.0 Invocations
 + Level 12.1 Evocations


You had 20 spell levels left.
You didn't know any spells.
Your spell library contained the following spells:

 Spells                   Type           Power        Failure   Level  Hunger
 Animate Skeleton         Necr           N/A          88%         1    ##.....
 Apportation              Tloc           #.....       88%         1    ##.....
 Corona                   Hex            #......      88%         1    ##.....
 Foxfire                  Conj/Fire      #...         88%         1    ##.....
 Freeze                   Ice            #...         88%         1    ##.....
 Infusion                 Chrm           #...         88%         1    ##.....
 Magic Dart               Conj           #...         88%         1    ##.....
 Pain                     Necr           #...         88%         1    ##.....
 Sting                    Tmut/Pois      #...         88%         1    ##.....
 Summon Small Mammal      Summ           #...         88%         1    ##.....
 Blink                    Tloc           N/A          95%         2    ###....
 Call Imp                 Summ           #.......     95%         2    ###....
 Poisonous Vapours        Pois/Air       #.....       95%         2    ###....
 Searing Ray              Conj           #.....       95%         2    ###....
 Shroud of Golubria       Chrm/Tloc      #.....       95%         2    ###....
 Slow                     Hex            #.......     95%         2    ###....
 Song of Slaying          Chrm           #.......     95%         2    ###....
 Call Canine Familiar     Summ           #.......     99%         3    ####...
 Conjure Flame            Conj/Fire      #.......     99%         3    ####...
 Dazzling Flash           Conj/Hex       #.....       99%         3    ####...
 Frozen Ramparts          Ice            #.....       99%         3    ####...
 Gell's Gravitas          Tloc           #.........   99%         3    ####...
 Ignite Poison            Fire/Tmut/Pois #.......     99%         3    ####...
 Inner Flame              Hex/Fire       #.......     99%         3    ####...
 Lesser Beckoning         Tloc           #.........   99%         3    ####...
 Mephitic Cloud           Conj/Pois/Air  #.......     99%         3    ####...
 Ozocubu's Armour         Chrm/Ice       #.......     99%         3    ####...
 Recall                   Summ/Tloc      N/A          99%         3    ####...
 Spectral Weapon          Hex/Chrm       #.......     99%         3    ####...
 Summon Guardian Golem    Hex/Summ       #.......     99%         3    ####...
 Teleport Other           Tloc           #.......     99%         3    ####...
 Vampiric Draining        Necr           #.........   99%         3    ####...
 Animate Dead             Necr           N/A          100%        4    #####..
 Cause Fear               Hex            #.........   100%        4    #####..
 Fulminant Prism          Conj/Hex       #.........   100%        4    #####..
 Hailstorm                Conj/Ice       #.......     100%        4    #####..
 Iskenderun's Mystic Bla  Conj/Tloc      #.......     100%        4    #####..
 Olgreb's Toxic Radiance  Pois           #.......     100%        4    #####..
 Passage of Golubria      Tloc           N/A          100%        4    #####..
 Sticky Flame             Conj/Fire      #.......     100%        4    #####..
 Summon Ice Beast         Ice/Summ       #.......     100%        4    #####..
 Summon Lightning Spire   Summ/Air       #.......     100%        4    #####..
 Agony                    Necr           #.......     100%        5    ######.
 Aura of Abjuration       Summ           #.........   100%        5    ######.
 Fireball                 Conj/Fire      #.........   100%        5    ######.
 Silence                  Hex/Air        #.........   100%        5    ######.
 Summon Demon             Summ           #.........   100%        5    ######.
 Summon Forest            Summ/Tloc      #.........   100%        5    ######.
 Summon Mana Viper        Hex/Summ       #.......     100%        5    ######.
 Yara's Violent Unravell  Hex/Tmut       #.........   100%        5    ######.
 Deflect Missiles         Chrm/Air       #.........   100%        6    #######
 Shadow Creatures         Summ           N/A          100%        6    #######
 Starburst                Conj/Fire      #.........   100%        6    #######
 Haunt                    Necr/Summ      #.........   100%        7    #######
 Ring of Flames           Chrm/Fire      #.........   100%        7    #######
 Borgnjor's Revivificati  Necr           #.........   100%        8    #######
 Death's Door             Chrm/Necr      #.........   100%        8    #######
 Discord                  Hex            #.........   100%        8    #######
 Ignition                 Fire           #.........   100%        8    #######
 Infestation              Necr           #.........   100%        8    #######
 Necromutation            Tmut/Necr      #.........   100%        8    #######


Dungeon Overview and Level Annotations

Branches:
Dungeon (15/15)            Temple (1/1) D:5            Lair (6/6) D:10
  Swamp (4/4) Lair:2        Snake (4/4) Lair:2        Slime (0/5) Lair:6
    Orc (2/2) D:9             Elf (0/3) Orc:2        Vaults (4/5) D:13
  Crypt (0/3) Vaults:2     Depths (0/5) D:15          IceCv (visited)
Volcano (visited)         Gauntlet (visited)

Altars:
Ashenzari
Cheibriados
Dithmenos
Elyvilon
Fedhas
Gozag
Hepliaklqana
Kikubaaqudgha
Makhleb
Nemelex Xobeh
Okawaru
Qazlal
Ru
Sif Muna
Trog
Uskayaw
Vehumet
Wu Jian
Xom
Yredelemnul
Zin
The Shining One
Beogh

Shops:
D:5 ?   D:6 [   D:9 (   D:11 =*   D:13 }   Orc:1 ?   Orc:2 ?%[}!   Snake:2 %
Snake:3 :   Vaults:1 !   Vaults:3 ?([*!

Portals:
Hell: Lair:6
Trove: D:11 (show slimy rune of Zot)


Innate Abilities, Weirdness & Mutations

You reflexively headbutt those who attack you in melee.
You have a pair of horns on your head.


Message History

The ironbrand convoker gestures at the yaktaur while chanting.
The yaktaur seems to grow stronger.
The yaktaur is engulfed in poison gas.
The yaktaur is poisoned.
The stone giant is engulfed in poison gas.
The stone giant looks as sick as possible!
The stone giant throws a large rock.
You reflect the large rock off an invisible shield around you!
The large rock hits the stone giant!!
The ironheart preserver dies!
An ironheart preserver comes into view. It is wielding a +0 great mace.
The death knight is engulfed in poison gas.
The death knight looks as sick as possible!
You feel like a meek peon again.
The vault sentinel is engulfed in poison gas.
The vault sentinel looks as sick as possible!
The vault sentinel blows a loud note on a signal horn!
The stone giant is engulfed in poison gas.
The stone giant looks as sick as possible!
The stone giant throws a large rock.
The large rock hits you!!
You die...

......# #§§p.....#.#
......# #pcp.....#.#
......# ##### #Cp# #.#
......# #.... #).# #.#
......# ......#.(# #..
......# ......#..#
......# #...(.# .
......###########'##....
................@........
.................(.......
#########################


You could see an ironheart preserver, a stone giant, a death knight, a vault
sentinel and a yaktaur.

Vanquished Creatures
  Mara (Snake:4)
  Nikola (Snake:3)
  A tentacled monstrosity (Vaults:3)
  Rupert (D:14)
  The ghost of Oqaxass the Demonologist, an adept BaSu of Sif Muna (Vaults:3)
  Gastronok (Lair:3)
  Agnes (D:15)
  3 thorn hunters
  7 nagarajas (Snake:4)
  2 orc warlords
  9 vault wardens
  3 frost giants
  Aizul (Snake:2)
  A deep elf sorcerer (Vaults:3)
  Louise (Snake:3)
  2 entropy weavers
  A very ugly thing (Vaults:3)
  15 ironheart preservers
  2 stone giants (Vaults:2)
  The ghost of Susanna the Bludgeoner, a journeyman GrFi of Okawaru (Orc:2)
  A minotaur (Gauntlet)
  The ghost of Usija the Fighter, a journeyman DrIE of Vehumet (Lair:3)
  2 deep elf death magi (Vaults:3)
  An ettin (Vaults:3)
  2 great orbs of eyes
  11 yaktaur captains
  31 hydras
  7 ice dragons
  7 vault guards
  17 naga warriors
  2 shambling mangroves
  2 rakshasas
  9 anacondas
  11 centaur warriors
  A ghost crab (Swamp:4)
  6 alligators
  3 death knights
  23 two-headed ogres
  8 ogre magi
  4 death yaks
  4 tengu warriors
  A hell hog (Gauntlet)
  A vampire mage (Vaults:2)
  21 naga sharpshooters
  A deep troll shaman (Vaults:2)
  8 shock serpents
  2 large abominations (Gauntlet)
  4 orc high priests
  A shadow wraith (Vaults:1)
  Sonja (Lair:5)
  5 deep elf knights
  7 salamander mystics
  15 skeletal warriors
  3 spriggan druids (Swamp:4)
  4 unseen horrors
  A sea snake (Snake:4)
  A sixfirhy (Lair:6)
  4 deep trolls
  6 wizards
  10 swamp dragons
  A glowing orange brain (Vaults:2)
  7 naga ritualists
  3 flayed ghosts
  4 lindwurms (Snake:4)
  An anaconda skeleton (Volcano)
  13 ironbrand convokers
  4 deep elf archers
  An orb spider (shapeshifter) (D:15)
  18 ugly things
  12 orc knights
  9 harpies
  9 cyclopes
  8 orc sorcerers
  17 mana vipers
  2 manticores
  7 deep elf magi
  A moth of wrath (Lair:3)
  An elephant (shapeshifter) (Vaults:3)
  A salamander (shapeshifter) (Vaults:4)
  10 salamanders
  9 vault sentinels
  7 elephants (Lair:6)
  A smoke demon (Lair:6)
  42 black mambas
  11 guardian serpents
  A black mamba (shapeshifter) (Vaults:1)
  2 ice statues (IceCv)
  15 spiny frogs
  24 naga magi
  8 centaur skeletons
  8 gargoyles
  3 ice devils
  2 orange demons (Lair:6)
  An efreet (D:15)
  A komodo dragon (shapeshifter) (Vaults:4)
  14 komodo dragons
  10 freezing wraiths
  4 kobold demonologists
  14 rime drakes
  31 yaktaurs
  3 red devils (Lair:6)
  14 trolls
  A jumping spider (Vaults:2)
  A polar bear (shapeshifter) (Vaults:1)
  3 polar bears
  A blink frog (shapeshifter) (Vaults:4)
  3 harpy skeletons (Volcano)
  8 hornets
  11 tyrant leeches
  14 bog bodies
  A hippogriff (shapeshifter) (D:15)
  13 hippogriffs
  16 blink frogs
  50 slime creatures
  3 spriggans
  3 wraiths
  5 flying skulls
  A tarantella (Vaults:2)
  3 shadows
  3 vampires (Vaults:2)
  A redback (Vaults:4)
  3 wyverns
  3 alligator skeletons (Volcano)
  5 fire bats
  2 basilisks
  23 yaks
  A yaktaur simulacrum (Vaults:3)
  A hungry ghost (D:11)
  25 vampire mosquitoes
  9 insubstantial wisps (Swamp:4)
  22 swamp worms
  16 steam dragons
  52 nagas
  6 wargs
  4 acid dragons
  5 hell hounds
  4 porcupines
  Duvessa (D:4)
  12 water moccasins
  12 swamp drakes
  A phantom (D:10)
  15 ice beasts
  49 orc warriors
  3 sky beasts
  32 ogres
  A necrophage (D:10)
  2 black bears
  2 eyes of draining
  7 boggarts
  20 centaurs
  A wolf (Lair:6)
  A centaur (shapeshifter) (Vaults:1)
  14 crocodiles
  16 bullfrogs
  5 big kobolds
  An elf zombie (D:10)
  A gnoll sergeant (D:12)
  4 small abominations (Gauntlet)
  An ogre simulacrum (Vaults:1)
  An elf skeleton (D:10)
  A hornet simulacrum (D:15)
  3 scorpions
  6 killer bees (D:9)
  Dowan (D:4)
  4 howler monkeys
  6 wights
  3 troll skeletons (Volcano)
  12 crimson imps
  A quasit (D:8)
  A bullfrog zombie (D:13)
  5 centaur zombies
  7 hounds
  6 jellies
  2 human zombies (D:10)
  20 orc priests
  5 bullfrog skeletons
  26 orc wizards
  A human skeleton (D:10)
  Natasha (thrice) (D:3)
  4 iguanas
  2 worker ants
  A killer bee zombie (D:7)
  A naga skeleton (Volcano)
  2 hound skeletons
  2 mummies (D:10)
  5 gnolls (D:12)
  A howler monkey skeleton (D:10)
  13 adders
  A shadow imp (D:15)
  8 oozes
  An adder zombie (D:7)
  2 worms
  2 dart slugs
  5 leopard geckos
  81 orcs
  A ball python (D:3)
  9 bats
  3 bat zombies (D:3)
  11 giant cockroaches
  9 hobgoblins
  16 jackals
  3 quokkas
  6 frilled lizards
  8 goblins
  30 kobolds
  A leopard gecko zombie (D:6)
  An orc skeleton (D:10)
  A quokka skeleton (D:6)
  7 rats
  2 briar patches (Swamp:3)
  A fungus (Swamp:4)
1535 creatures vanquished.

Vanquished Creatures (collateral kills)
  A yaktaur (Vaults:3)
1 creature vanquished.

Vanquished Creatures (others)
  An ironheart preserver (Vaults:4)
  A naga sharpshooter (Snake:1)
  A wizard (D:14)
  A flying skull (Volcano)
  A centaur (D:15)
  An orc (D:10)
  5 fungi
  7 plants
18 creatures vanquished.

Grand Total: 1554 creatures vanquished

Notes
Turn   | Place    | Note
-------+----------+-------------------------------------------
     0 | D:1      | DerDa the Minotaur Monk began the quest for the Orb.
     0 | D:1      | Reached XP level 1. HP: 19/19 MP: 0/0
   123 | D:1      | Reached XP level 2. HP: 27/27 MP: 1/1
   154 | D:1      | Reached skill level 4 in Fighting
   367 | D:1      | Reached skill level 1 in Armour
   567 | D:1      | Reached XP level 3. HP: 32/33 MP: 2/2
   898 | D:2      | Reached XP level 4. HP: 38/41 MP: 3/3
  1877 | D:3      | Noticed Natasha
  1882 | D:3      | Killed Natasha
  1933 | D:3      | Reached XP level 5. HP: 47/47 MP: 4/4
  2010 | D:3      | Noticed Natasha
  2088 | D:3      | Killed Natasha
  2088 | D:3      | Reached skill level 5 in Fighting
  2136 | D:3      | Noticed Natasha
  2150 | D:3      | Killed Natasha
  2227 | D:3      | Found an ancient bone altar of Kikubaaqudgha.
  2342 | D:4      | Noticed Dowan
  2346 | D:4      | Noticed Duvessa
  2839 | D:4      | Killed Dowan
  2839 | D:4      | Reached skill level 5 in Dodging
  2839 | D:4      | Reached XP level 6. HP: 49/57 MP: 5/5
  2863 | D:4      | Killed Duvessa
  2863 | D:4      | Reached skill level 1 in Evocations
  3136 | D:4      | Reached skill level 6 in Fighting
  3178 | D:4      | Reached skill level 5 in Long Blades
  3272 | D:4      | Reached XP level 7. HP: 15/63 MP: 6/6
  3619 | D:5      | Entered Level 5 of the Dungeon
  3664 | D:5      | Found Housiane's Magic Scroll Emporium.
  3667 | D:5      | Bought a scroll of blinking for 97 gold pieces
  3667 | D:5      | Bought a scroll of identify for 26 gold pieces
  3667 | D:5      | Bought a scroll of teleportation for 39 gold pieces
  3907 | D:5      | Found a staircase to the Ecumenical Temple.
  3914 | Temple   | Entered the Ecumenical Temple
  3985 | Temple   | Became a worshipper of Warmaster Okawaru
  3985 | Temple   | Reached * piety under Okawaru
  3985 | Temple   | Reached ** piety under Okawaru
  4537 | D:6      | Found Voten's Armour Boutique.
  4685 | D:6      | You fall into a shaft and drop 1 floor!
  4698 | D:7      | Reached skill level 7 in Fighting
  4698 | D:7      | Reached skill level 1 in Invocations
  5045 | D:7      | Reached XP level 8. HP: 65/73 MP: 8/8
  5602 | D:6      | Reached *** piety under Okawaru
  5831 | D:5      | Bought a scroll of remove curse for 39 gold pieces
  5831 | D:5      | Bought a scroll of identify for 26 gold pieces
  5831 | D:5      | Bought a scroll of teleportation for 39 gold pieces
  5831 | D:5      | Bought a scroll of identify for 26 gold pieces
  5831 | D:5      | Bought a scroll of fear for 45 gold pieces
  6231 | D:8      | Reached skill level 8 in Fighting
  6255 | D:8      | Noticed a hippogriff
  6260 | D:8      | Noticed a hornet
  6263 | D:8      | Killed a hippogriff
  6263 | D:8      | Reached **** piety under Okawaru
  6263 | D:8      | Reached XP level 9. HP: 75/82 MP: 10/10
  6264 | D:8      | Reached skill level 5 in Armour
  6267 | D:8      | Paralysed by a hornet for 2 turns
  6648 | D:9      | Reached skill level 9 in Fighting
  6657 | D:9      | Reached ***** piety under Okawaru
  6735 | D:9      | Noticed a troll
  6867 | D:9      | Killed a troll
  7228 | D:9      | Reached XP level 10. HP: 62/92 MP: 10/12
  7267 | D:9      | Found a staircase to the Orcish Mines.
  7491 | D:9      | Found Hipt's Antique Weapon Boutique.
  7502 | D:10     | Entered Level 10 of the Dungeon
  7569 | D:10     | Reached skill level 10 in Fighting
  7724 | D:10     | Noticed a brown ugly thing
  7783 | D:10     | Killed a brown ugly thing
  8142 | D:10     | Noticed a centaur warrior
  8153 | D:10     | Killed a centaur warrior
  8162 | D:10     | Received a gift from Okawaru
  8176 | D:10     | Noticed a white ugly thing
  8200 | D:10     | Killed a white ugly thing
  8473 | D:10     | Noticed a death yak
  8482 | D:10     | Noticed a death yak
  8487 | D:10     | Killed a death yak
  8487 | D:10     | Reached skill level 10 in Dodging
  8491 | D:10     | Reached skill level 11 in Fighting
  8491 | D:10     | Reached skill level 5 in Invocations
  8496 | D:10     | Noticed a death yak
  8839 | D:10     | Killed a death yak
  8839 | D:10     | Reached ****** piety under Okawaru
  8839 | D:10     | Reached skill level 5 in Evocations
  8839 | D:10     | Reached XP level 11. HP: 73/102 MP: 13/13
  8844 | D:10     | Killed a death yak
  8847 | D:10     | Received a gift from Okawaru
  8856 | D:10     | Got a distressingly furry plate armour {god gift}
  8866 | D:10     | Identified the +9 plate armour of Palynkep {rPois} (Okawaru
                  | gifted it to you on level 10 of the Dungeon)
  8898 | D:10     | Got a twisted scale mail
  8908 | D:10     | Identified the +2 scale mail of the Maze {rC++ rCorr Str+2}
                  | (You found it on level 10 of the Dungeon)
  8919 | D:10     | Found a staircase to the Lair.
  9531 | D:10     | Found an ancient bone altar of Kikubaaqudgha.
 10105 | D:11     | Noticed a two-headed ogre
 10110 | D:11     | Killed a two-headed ogre
 10165 | D:11     | Found Eliawkec's Assorted Antiques.
 10173 | D:11     | Bought a clouded tin ring for 145 gold pieces
 10173 | D:11     | Bought a scroll labeled OKHLUU WAUN for 29 gold pieces
 10173 | D:11     | Bought a scroll of teleportation for 87 gold pieces
 10173 | D:11     | Bought a scroll of identify for 58 gold pieces
 10174 | D:11     | Identified the ring "Qiana" {rN++ MP+9 Str-3 Stlth+} (You
                  | bought it in a shop on level 11 of the Dungeon)
 10187 | D:11     | Found a portal to a secret trove of treasure.
 10263 | D:11     | Got a clouded steel ring
 10313 | D:11     | Noticed an eight-headed hydra
 10324 | D:11     | Killed an eight-headed hydra
 10391 | D:11     | You fall into a shaft and drop 1 floor!
 10399 | D:12     | Reached skill level 12 in Fighting
 10421 | D:13     | Noticed an unseen horror
 10430 | D:13     | Killed an unseen horror
 10435 | D:13     | Received a gift from Okawaru
 10461 | D:13     | Noticed a six-headed hydra
 10467 | D:13     | Killed a six-headed hydra
 10540 | D:13     | Found a gate leading to a gauntlet.
 10541 | D:13     | Found Jableseb's Gadget Emporium.
 10551 | Gauntlet | Entered a Gauntlet
 10551 | Gauntlet | Found a transporter.
 10551 | Gauntlet | Found a transporter.
 10555 | Gauntlet | Found a transporter.
 10555 | Gauntlet | Found a transporter.
 10564 | Gauntlet | Found a transporter.
 10585 | Gauntlet | Found a transporter.
 10590 | Gauntlet | Noticed a death ooze
 10592 | Gauntlet | Noticed a hell hog
 10593 | Gauntlet | Found a transporter.
 10593 | Gauntlet | Found a transporter.
 10597 | Gauntlet | Found a transporter.
 10603 | Gauntlet | Found a transporter.
 10611 | Gauntlet | Found a transporter.
 10661 | Gauntlet | Found a transporter.
 10678 | Gauntlet | Noticed a large abomination
 10695 | Gauntlet | Found a transporter.
 10713 | Gauntlet | Found a transporter.
 10813 | Gauntlet | Found a transporter.
 10825 | Gauntlet | Noticed a sixfirhy
 10827 | Gauntlet | Found a transporter.
 10923 | Gauntlet | Killed a large abomination
 10923 | Gauntlet | Reached XP level 12. HP: 71/113 MP: 13/15
 10951 | Gauntlet | Got a crude glass ring
 10966 | Gauntlet | Identified the ring "Luim" {Str+4 Stlth+} (You found it in
                  | a Gauntlet)
 10968 | Gauntlet | Identified the ring "Waffo" {Wiz rElec Dex+5 Stlth-} (You
                  | found it on level 11 of the Dungeon)
 11306 | Gauntlet | Got a pair of polished boots
 11316 | Gauntlet | Identified the +1 pair of boots "Kothrom" {rElec Dex-3
                  | SInv} (You found it in a Gauntlet)
 11341 | Gauntlet | Killed a hell hog
 11614 | Gauntlet | Identified the +10 war axe of Pevieck {venom, *Noise Str+4
                  | Int+4}
 11614 | Gauntlet | Noticed a minotaur
 11650 | Gauntlet | Killed a minotaur
 11668 | Gauntlet | Got a fine scimitar
 11672 | Gauntlet | Identified the +4 scimitar "Ufis" {pain, Stlth+} (You found
                  | it in a Gauntlet)
 12303 | D:13     | Noticed a centaur warrior
 12307 | D:13     | Found a gate to the Vaults.
 12313 | D:13     | Killed a centaur warrior
 12346 | D:13     | Noticed a two-headed ogre
 12353 | D:13     | Killed a two-headed ogre
 12353 | D:13     | Reached skill level 13 in Fighting
 12898 | D:13     | Reached skill level 10 in Long Blades
 13075 | D:13     | Noticed a tengu warrior
 13087 | D:13     | Killed a tengu warrior
 13087 | D:13     | Received a gift from Okawaru
 13207 | D:13     | Noticed a two-headed ogre
 13213 | D:13     | Killed a two-headed ogre
 13217 | D:13     | Noticed a centaur warrior
 13217 | D:13     | Noticed an eight-headed hydra
 13231 | D:13     | Killed a centaur warrior
 13237 | D:13     | Killed an 11-headed hydra
 13237 | D:13     | Reached XP level 13. HP: 24/122 MP: 14/17
 14231 | D:12     | Received a gift from Okawaru
 14284 | D:11     | Found Jesiwec's Jewellery Shoppe.
 14711 | D:11     | Found an iron altar of Okawaru.
 14763 | Lair:1   | Entered Level 1 of the Lair of Beasts
 14875 | Lair:1   | Found a frozen archway.
 14885 | Lair:1   | Reached skill level 14 in Fighting
 15023 | IceCv    | Entered an ice cave
 15290 | IceCv    | Received a gift from Okawaru
 15321 | IceCv    | Reached skill level 10 in Armour
 15420 | IceCv    | Found the amulet of Vitality {Regen+ HP+15}
 17490 | Lair:2   | Found a staircase to the Snake Pit.
 17577 | Lair:2   | Received a gift from Okawaru
 17705 | Lair:2   | Reached skill level 1 in Shields
 17778 | Lair:2   | Reached XP level 14. HP: 49/133 MP: 19/19
 17778 | Lair:2   | Found a staircase to the Swamp.
 18309 | Lair:2   | Reached skill level 15 in Fighting
 18851 | Lair:3   | Noticed Gastronok
 18870 | Lair:3   | Killed Gastronok
 19303 | Lair:3   | Found a transporter.
 19305 | Lair:3   | Noticed Usija's ghost (journeyman DrIE)
 19323 | Lair:3   | Received a gift from Okawaru
 19326 | Lair:3   | Found a transporter.
 20097 | Lair:4   | Found a dark tunnel.
 20118 | Volcano  | Entered a volcano
 21107 | Lair:4   | Found a radiant altar of Vehumet.
 21133 | Lair:4   | Reached skill level 5 in Shields
 21863 | Lair:5   | Noticed Sonja
 21867 | Lair:5   | Killed Sonja
 22408 | Lair:6   | Entered Level 6 of the Lair of Beasts
 22424 | Lair:6   | Found a staircase to the Slime Pits.
 22428 | Lair:6   | Received a gift from Okawaru
 22828 | Lair:6   | Found a burning altar of Makhleb.
 23453 | Lair:6   | Reached XP level 15. HP: 133/143 MP: 20/20
 23652 | Lair:6   | Found a gateway to Hell.
 24110 | Orc:1    | Entered Level 1 of the Orcish Mines
 24385 | Orc:1    | Found a roughly hewn altar of Beogh.
 24472 | Orc:1    | Found Hofi's Magic Scroll Emporium.
 24480 | Orc:1    | Bought a scroll of magic mapping for 38 gold pieces
 24480 | Orc:1    | Bought a scroll of identify for 22 gold pieces
 24480 | Orc:1    | Bought a scroll of identify for 22 gold pieces
 24531 | Orc:2    | Entered Level 2 of the Orcish Mines
 24545 | Orc:2    | Noticed an orc warlord
 24548 | Orc:2    | Found a transporter.
 24549 | Orc:2    | Noticed Susanna's ghost (journeyman GrFi)
 24551 | Orc:2    | Found a transporter.
 24593 | Orc:2    | Killed an orc warlord
 24719 | Orc:2    | Found a staircase to the Elven Halls.
 24822 | Orc:1    | Noticed an orc warlord
 24840 | Orc:1    | Killed an orc warlord
 24840 | Orc:1    | Reached skill level 16 in Fighting
 25109 | Orc:1    | Found a roughly hewn altar of Beogh.
 25541 | Orc:1    | Received a gift from Okawaru
 25633 | Orc:1    | Reached skill level 15 in Dodging
 25821 | Orc:2    | Found Rehif's Magic Scroll Emporium.
 25829 | Orc:2    | Bought a scroll of acquirement for 832 gold pieces
 25829 | Orc:2    | Identified the +7 falchion of Bloody Death {speed, Int+5
                  | Dex+4} (You acquired it on level 2 of the Orcish Mines)
 25873 | Orc:2    | Paralysed by an orc sorcerer for 7 turns
 26889 | Orc:2    | Found Olih's Food Boutique.
 26896 | Orc:2    | Found Jyk Nuor's Gadget Shoppe.
 26901 | Orc:2    | Found Giesas's Distillery.
 26903 | Orc:2    | Found Atoese Gosu's Armour Boutique.
 26927 | Orc:2    | Bought a potion of heal wounds for 70 gold pieces
 26927 | Orc:2    | Bought a potion of heal wounds for 70 gold pieces
 26927 | Orc:2    | Bought a potion of heal wounds for 70 gold pieces
 26927 | Orc:2    | Bought a potion of might for 56 gold pieces
 27140 | D:11     | Bought the ring "Xedwug" {rElec rPois MR+ AC+2 Dex+4} for
                  | 675 gold pieces
 27140 | D:11     | Bought the ring "Biphirch" {rC+ rN++} for 680 gold pieces
 27270 | Swamp:1  | Entered Level 1 of the Swamp
 28545 | Swamp:2  | Received a gift from Okawaru
 29390 | Swamp:3  | Noticed a thorn hunter
 29415 | Swamp:3  | Killed a thorn hunter
 29415 | Swamp:3  | Reached XP level 16. HP: 45/152 MP: 19/22
 29723 | Swamp:3  | Noticed a thorn hunter
 29744 | Swamp:3  | Killed a thorn hunter
 29784 | Swamp:3  | Received a gift from Okawaru
 30781 | Swamp:4  | Entered Level 4 of the Swamp
 31148 | Swamp:4  | Noticed a thorn hunter
 31167 | Swamp:4  | Killed a thorn hunter
 31167 | Swamp:4  | Received a gift from Okawaru
 31334 | Swamp:4  | Reached skill level 17 in Fighting
 31334 | Swamp:4  | Reached skill level 10 in Invocations
 31790 | Swamp:4  | Reached skill level 10 in Shields
 31878 | Swamp:4  | Got a decaying rune of Zot
 32552 | Swamp:4  | Received a gift from Okawaru
 33090 | Snake:1  | Entered Level 1 of the Snake Pit
 33235 | Lair:3   | Killed Usija's ghost
 33384 | Snake:1  | Identified the amulet of Xedinephulo {Reflect rElec rPois
                  | rF+ SH+2} (You acquired it on level 1 of the Snake Pit)
 33384 | Snake:1  | Identified the +0 kite shield of the Stag {MR+ rCorr} (You
                  | acquired it on level 1 of the Snake Pit)
 33901 | Snake:1  | Reached XP level 17. HP: 33/162 MP: 23/23
 35146 | Snake:2  | You fall into a shaft and drop 1 floor!
 35773 | Snake:2  | Found Xahuarch's Food Emporium.
 36254 | Snake:2  | Noticed Aizul
 36276 | Snake:2  | Killed Aizul
 36655 | Snake:2  | Found a shimmering blue altar of Sif Muna.
 36817 | Snake:2  | Reached skill level 10 in Evocations
 37095 | Snake:3  | Noticed Louise
 37122 | Snake:3  | Killed Louise
 37658 | Snake:3  | Found a stormy altar of Qazlal.
 37684 | Snake:3  | Reached skill level 18 in Fighting
 37752 | Snake:3  | Received a gift from Okawaru
 38134 | Snake:3  | Found Emmolyta's Book Shop.
 38669 | Snake:4  | Entered Level 4 of the Snake Pit
 38673 | Snake:4  | Noticed Mara
 38684 | Snake:4  | Reached skill level 1 in Crossbows
 38693 | Snake:4  | Noticed DerDa's illusion
 38707 | Snake:4  | Noticed DerDa's illusion
 39092 | Snake:4  | Noticed Nikola
 39305 | Snake:3  | Killed Nikola
 39704 | Snake:4  | Received a gift from Okawaru
 40033 | Snake:4  | Noticed DerDa's illusion
 40211 | Snake:4  | Noticed DerDa's illusion
 40435 | Snake:4  | Noticed DerDa's illusion
 40531 | Snake:4  | Noticed DerDa's illusion
 41255 | Snake:3  | Reached XP level 18. HP: 149/173 MP: 25/25
 41518 | Snake:4  | Noticed DerDa's illusion
 41527 | Snake:4  | Noticed DerDa's illusion
 41811 | Snake:4  | Noticed DerDa's illusion
 41817 | Snake:4  | Killed Mara
 42043 | Snake:4  | Got a jewelled chain mail {god gift}
 42053 | Snake:4  | Identified the +1 chain mail of Complete Protection {rElec
                  | Str+3 Stlth-} (Okawaru gifted it to you on level 4 of the
                  | Snake Pit)
 43586 | Snake:4  | Received a gift from Okawaru
 43986 | Snake:4  | Reached skill level 19 in Fighting
 44838 | Snake:4  | Got a serpentine rune of Zot
 44851 | Snake:4  | Got a faintly glowing chain mail
 45004 | Snake:4  | Identified the cursed +1 chain mail of Muiryidgh {rPois
                  | rCorr} (You found it on level 4 of the Snake Pit)
 45451 | D:14     | Noticed Rupert
 45464 | D:14     | Killed Rupert
 45505 | D:14     | Reached skill level 5 in Crossbows
 45524 | D:14     | Received a gift from Okawaru
 45867 | D:14     | Found a bloodstained altar of Trog.
 46166 | D:15     | Entered Level 15 of the Dungeon
 46277 | D:15     | Reached XP level 19. HP: 162/183 MP: 26/26
 46481 | D:15     | Noticed Agnes
 46490 | D:15     | Killed Agnes
 46679 | D:15     | Found a staircase to the Depths.
 47344 | Orc:2    | Killed Susanna's ghost
 47427 | Orc:1    | Bought a scroll of enchant weapon for 82 gold pieces
 47635 | Snake:3  | Bought a manual of Crossbows for 1766 gold pieces
 47820 | Vaults:1 | Entered Level 1 of the Vaults
 48211 | Vaults:1 | Found Tosuhai's Distillery.
 48219 | Vaults:1 | Bought a potion of heal wounds for 50 gold pieces
 48219 | Vaults:1 | Bought a potion of heal wounds for 50 gold pieces
 49517 | Vaults:2 | Received a gift from Okawaru
 49577 | Vaults:2 | Received a gift from Okawaru
 49677 | Vaults:2 | Found a flickering gateway to a bazaar.
 49706 | Bazaar   | Entered a bazaar
 49722 | Bazaar   | Found Buclun's Gadget Shop.
 49734 | Bazaar   | Found Koucag Pimn's Distillery.
 49757 | Bazaar   | Found Qutoag's Distillery.
 49781 | Bazaar   | Found Hecei's Gadget Shop.
 49809 | Bazaar   | Bought a potion of mutation for 88 gold pieces
 49940 | Vaults:2 | Reached skill level 20 in Fighting
 49965 | Vaults:2 | Reached skill level 15 in Long Blades
 50541 | Vaults:2 | Received a gift from Okawaru
 50579 | Vaults:2 | Reached XP level 20. HP: 142/193 MP: 23/28
 50640 | Vaults:2 | Got a heavily runed scale mail {god gift}
 50650 | Vaults:2 | Identified the +1 scale mail of Past Mistakes {*Slow rPois
                  | rCorr SInv} (Okawaru gifted it to you on level 2 of the
                  | Vaults)
 51227 | Vaults:2 | Found a staircase to the Crypt.
 51449 | Vaults:3 | Found Rifecw's Weapon Shoppe.
 51977 | Vaults:3 | Reached skill level 15 in Armour
 52003 | Vaults:3 | Received a gift from Okawaru
 52006 | Vaults:3 | Got an ichor-stained chain mail {god gift}
 52016 | Vaults:3 | Identified the +0 chain mail of Oseplem {rPois rC+ Regen+
                  | rCorr} (Okawaru gifted it to you on level 3 of the Vaults)
 52132 | Vaults:3 | Found Olieq's Magic Scroll Shoppe.
 52169 | Vaults:3 | Bought a scroll of blinking for 105 gold pieces
 52350 | Vaults:3 | Found a runed translucent door.
 52797 | Vaults:3 | Reached skill level 10 in Crossbows
 52834 | Vaults:3 | Found Foluex's Distillery.
 52834 | Vaults:3 | Found Neczaufe's General Store.
 52860 | Vaults:3 | Found Teenlif's Antique Armour Shoppe.
 53031 | Vaults:3 | Noticed Oqaxass's ghost (adept BaSu)
 53047 | Vaults:3 | Killed Oqaxass's ghost
 53697 | Vaults:4 | HP: 8/195 [death knight/+2 glaive (25)]
 54006 | Vaults:4 | Received a gift from Okawaru
 54028 | Vaults:4 | Identified a +0 pair of boots of running (Okawaru gifted it
                  | to you on level 4 of the Vaults)
 54105 | Vaults:4 | Reached skill level 21 in Fighting
 54283 | Vaults:4 | Reached XP level 21. HP: 115/204 MP: 21/29
 54314 | Vaults:4 | Hit by a large rock thrown by a stone giant

Levels and vault maps discovered:
D:1:      dpeg_arrival_rooms_a, layout_loops_cross, minmay_ruptured
D:2:      layout_basic, st_stairs_11, minmay_worlds_worst_comb
D:3:      layout_basic, lemuel_zombie_altar_kikubaaqudgha, first_ration,
          uniq_natasha
D:4:      layout_basic, uniq_duvessa
D:5:      layout_basic, minmay_temple_entry_butterflies, serial_shops,
          nicolae_shop_behind_doors
D:6:      layout_cave_pools, serial_shops, nicolae_shop_stone
D:7:      layout_basic
D:8:      layout_basic, grunt_ogre_cave
D:9:      layout_rooms, hiddenorc2_lemuel, serial_shops, kennysheep_mini,
          feat_on_display
D:10:     kennysheep_blocky_room, layout_cave_pods, dpeg_lair_monsters,
          lemuel_mausoleum_altar_kikubaaqudgha
D:11:     layout_big_octagon, enter_trove_0, serial_shops, shop, shop,
          minmay_statues_item, david_defended_altar_orc
D:12:     layout_gridville
D:13:     minmay_s_stair_smasher, layout_basic, gauntlet_entry_generic,
          serial_shops, shop, minmay_variable_closet
D:14:     layout_loops_ring, hangedman_abyss_or_decor_jellyfish_corner,
          trog_wizard, uniq_rupert
D:15:     grunt_enter_depths_hoard, layout_cave_pods, grunt_ministairs_7,
          uniq_agnes
Temple:   minmay_crystal_snake_temple
Lair:1:   layout_regular_city, portal_ice_cave_demonic_guard
Lair:2:   layout_roguey, palyth_hydra_swamp_entry, guppyfry_snake_entry_garden,
          bobbens_dragon_lair_wall
Lair:3:   layout_chaotic_city, gammafunk_ghost_berserking_beasts,
          cheibrodos_lair_reptile_den, uniq_gastronok
Lair:4:   layout_long_grid, basic_altar, nicolae_volcano_entry_batcave
Lair:5:   layout_long_grid, uniq_sonja
Lair:6:   evil_forest, layout_cave_pods, nicolae_slime_entry_slimehenge
Swamp:1:  layout_basic_swamp, serial_swamp_ruin, evilmike_swamp_ruin_rubble_2,
          evilmike_swamp_ruin_house_4, infiniplex_staircase_pool_2
Swamp:2:  layout_basic_swamp, evilmike_swamp_ruin_rubble_1
Swamp:3:  layout_falls_marsh, evilmike_swamp_ruin_house_2
Swamp:4:  swamp, layout_basic_swamp, water_boxes_lemuel
Snake:1:  layout_misc_corridors, nrook_loot_triangle, drop_trap
Snake:2:  nrook_guardian_serpent_snake_passage, layout_gridlike, serial_shops,
          shop_fountains, basic_altar, drop_trap, grunt_megastairs_2,
          serial_bayou_shore_b, serial_bayou_shore_b, uniq_aizul
Snake:3:  layout_layer_cave, serial_shops, nicolae_shop_stone, basic_altar,
          uniq_louise
Snake:4:  snake_pit_salamanders_mu, layout_cave_town, serial_bayou_pond_a,
          serial_bayou_shore_b, uniq_nikola, uniq_mara
Orc:1:    orc_temple, layout_diamond_mine, serial_shops, shop, mines2_david
Orc:2:    st_orc_elflike, layout_caves, gammafunk_ghost_arena, serial_shops,
          shop_fountains
Vaults:1: v_pattern_3, vaults_room_octagon, dpeg_vaults_monster_row, v_rooms_5,
          v_misc_1, nicolae_vaults_little_squares_1, v_misc_24, v_misc_33,
          v_alt_pattern_3, nicolae_vaults_network_star, vaults_room_pool,
          layout_vaults_omnibox, serial_shops, shop
Vaults:2: vaults_room_door_hall, vaults_room_grid, hangedman_vaults_unwind,
          hangedman_vaults_nails, nicolae_vaults_little_ls,
          minmay_crypt_entry_vampire_xt, nicolae_vaults_little_squares_3,
          ontoclasm_vaults_gateway, nicolae_vaults_twisting_passages, v_misc_22,
          nicolae_vaults_yaktaur_gun_rack, vaults_room_pool,
          hangedman_vaults_stretched_pinwheel, vaults_room_corners, v_misc_23,
          layout_vaults_big_cross, serial_shops, bzr_entry_islet
Vaults:3: ebering_vaults_ghost_reflecting_pool, vaults_room_mumra_shop_pool,
          v_alt_pattern_5, v_misc_10, v_misc_25, v_misc_13,
          hangedman_vaults_hard_town_square,
          nicolae_vaults_windows_and_doors_thing, vaults_dpeg_encased_lava,
          layout_vaults_omnigrid, serial_shops, shop
Vaults:4: nicolae_vaults_what_the_h, vaults_room_ringed_pool,
          nicolae_vaults_ring_of_whatevers, grunt_vaults_bifocal,
          ontoclasm_vaults_misaligned, ontoclasm_vaults_hangar,
          vaults_standard_mumra_enter_the_diamond, st_star,
          dpeg_vaults_monster_box, layout_vaults_chaotic_city

Skill      XL: |  1  2  3  4  5  6  7  8  9 10 11 12 13 14 15 16 17 18 19 20 21 |
---------------+----------------------------------------------------------------+-----
Fighting       | 4 5 6 7 8 9 11 12 13 14 15 16 17 18 19 20 21 | 21.0
Armour         | 1 2 3 4 6 7 8 9 10 11 12 13 14 15 | 15.4
Long Blades    | 4 5 6 7 8 9 10 11 12 13 14 15 | 15.8
Dodging        | 4 5 6 7 8 10 11 12 13 14 15 16 17 18 19 | 19.7
Evocations     | 1 2 3 4 5 6 7 8 9 10 11 12 | 12.1
Invocations    | 1 2 3 5 6 7 8 9 10 11 12 13 | 13.0
Shields        | 1 6 8 10 11 | 11.8
Crossbows      | 2 5 8 10 | 10.8
Stealth        | |  1.5

Action                   |  1- 3 |  4- 6 |  7- 9 | 10-12 | 13-15 | 16-18 | 19-21 || total
-------------------------+-------+-------+-------+-------+-------+-------+-------++-------
Melee: Falchion          |   106 |    36 |       |       |       |       |       ||   142
       Headbutt          |    21 |    26 |    51 |   143 |   525 |   657 |   456 ||  1879
       Great sword       |       |    97 |   222 |    73 |       |       |       ||   392
       Unarmed           |       |     6 |       |       |       |       |       ||     6
       Long sword        |       |       |       |   394 |  1552 |  1002 |       ||  2948
       Punch             |       |       |       |     3 |     5 |       |       ||     8
       Dire flail        |       |       |       |       |    10 |       |       ||    10
       Hand axe          |       |       |       |       |     5 |       |       ||     5
       Double sword      |       |       |       |       |       |   786 |  1153 ||  1939
 Fire: Hand crossbow     |       |       |       |       |       |    22 |       ||    22
Throw: Dart              |       |       |       |     5 |       |       |       ||     5
Invok: Heroism           |       |       |       |     7 |    16 |    15 |     7 ||    45
       Finesse           |       |       |       |       |     7 |     5 |     4 ||    16
 Abil: Evoke Berserk Rag |       |     1 |       |       |       |       |       ||     1
Evoke: Wand              |       |       |       |    15 |     5 |       |     3 ||    23
       Fan of gales      |       |       |       |     1 |     1 |     1 |       ||     3
       Box of beasts     |       |       |       |     1 |       |       |       ||     1
       Phial of floods   |       |       |       |       |       |     2 |     1 ||     3
  Use: Potion            |       |     4 |       |     6 |       |     2 |     1 ||    13
       Scroll            |       |       |    10 |     8 |    13 |     8 |     6 ||    45
 Stab: Confused          |       |       |       |       |       |     2 |       ||     2
  Eat: Chunk             |       |     9 |    12 |    18 |    45 |    20 |    24 ||   128
       Ration            |       |       |       |     1 |     2 |    11 |     1 ||    15
Armor: Chain mail        |    59 |    76 |   154 |    56 |       |       |    85 ||   430
       Skin              |       |     6 |       |       |       |       |       ||     6
       Scale mail        |       |       |       |   131 |   341 |   386 |   112 ||   970
       Plate armour      |       |       |       |       |    41 |       |       ||    41
Dodge: Dodged            |    43 |    77 |   186 |   390 |  1132 |  1386 |   709 ||  3923
Block: Kite shield       |       |       |       |       |   422 |       |       ||   422
       Buckler           |       |       |       |       |   127 |   697 |   406 ||  1230
       Reflection        |       |       |       |       |       |    77 |    32 ||   109
       Rpst.: Falchion   |     7 |     3 |       |       |       |       |       ||    10
       Great sword       |       |    16 |    53 |    23 |       |       |       ||    92
       Long sword        |       |       |       |    76 |   220 |   159 |       ||   455
       Double sword      |       |       |       |       |       |   106 |   145 ||   251

Table legend:
 A = Non-vault XP
 B = Vault XP
 C = Vault XP percentage of total XP
 D = Non-vault monster count
 E = Vault monster count
 F = Vault count percentage of total count
                 A         B        C        D         E       F
            +---------+---------+-------+---------+---------+-------
      Total |  347621 |  245240 |  41.4 |    1022 |     514 |  33.5
            +---------+---------+-------+---------+---------+-------
        D:1 |      41 |      12 |  22.6 |      20 |       4 |  16.7
        D:2 |      57 |      24 |  29.6 |      30 |       7 |  18.9
        D:3 |     100 |      41 |  29.1 |      11 |       4 |  26.7
        D:4 |     277 |     209 |  43.0 |      19 |       2 |   9.5
        D:5 |     243 |       0 |   0.0 |      11 |       0 |   0.0
        D:6 |     631 |       0 |   0.0 |      20 |       0 |   0.0
        D:7 |     249 |       0 |   0.0 |       8 |       0 |   0.0
        D:8 |    1512 |     116 |   7.1 |      13 |       1 |   7.1
        D:9 |    1752 |     610 |  25.8 |      19 |      32 |  62.7
       D:10 |    2168 |    6909 |  76.1 |      23 |      27 |  54.0
       D:11 |    4640 |     124 |   2.6 |      17 |       3 |  15.0
       D:12 |    6072 |       0 |   0.0 |      40 |       0 |   0.0
       D:13 |   12633 |    6131 |  32.7 |      54 |      17 |  23.9
       D:14 |   14469 |    2954 |  17.0 |      39 |       1 |   2.5
       D:15 |   12916 |    4644 |  26.4 |      39 |       5 |  11.4
     Lair:1 |    4611 |     734 |  13.7 |      20 |       2 |   9.1
     Lair:2 |    5467 |    8178 |  59.9 |      20 |      31 |  60.8
     Lair:3 |    3291 |    6845 |  67.5 |      14 |      10 |  41.7
     Lair:4 |    2905 |     585 |  16.8 |      11 |       3 |  21.4
     Lair:5 |    3632 |     802 |  18.1 |      16 |       1 |   5.9
     Lair:6 |    7462 |    8630 |  53.6 |      21 |      34 |  61.8
    Swamp:1 |    9574 |       0 |   0.0 |      30 |       0 |   0.0
    Swamp:2 |    8066 |       0 |   0.0 |      21 |       0 |   0.0
    Swamp:3 |   14164 |       0 |   0.0 |      35 |       0 |   0.0
    Swamp:4 |   16568 |   19313 |  53.8 |      49 |      27 |  35.5
    Snake:1 |   18585 |       0 |   0.0 |      36 |       0 |   0.0
    Snake:2 |   13291 |    4076 |  23.5 |      28 |       7 |  20.0
    Snake:3 |   20186 |    5685 |  22.0 |      41 |       2 |   4.7
    Snake:4 |   28411 |   56671 |  66.6 |      51 |      71 |  58.2
      Orc:1 |    1763 |    6452 |  78.5 |      18 |      30 |  62.5
      Orc:2 |    7283 |   10497 |  59.0 |      45 |      29 |  39.2
   Vaults:1 |   25029 |   17752 |  41.5 |      43 |      37 |  46.2
   Vaults:2 |   45085 |   13030 |  22.4 |      70 |      21 |  23.1
   Vaults:3 |   33095 |   29084 |  46.8 |      53 |      32 |  37.6
   Vaults:4 |   21393 |   18823 |  46.8 |      37 |      20 |  35.1
      IceCv |       0 |    5235 | 100.0 |       0 |      20 | 100.0
    Volcano |       0 |    6371 | 100.0 |       0 |      20 | 100.0
   Gauntlet |       0 |    4703 | 100.0 |       0 |      14 | 100.0
            +---------+---------+-------+---------+---------+-------
